 Dungeon Crawl Stone Soup version 0.32-a0-834-geaf45d8e21 (webtiles) character file.

Game seed: 5679698258473850760

492 AstroCodex24 the Covered (level 6, 0/47 HPs)
             Began as a Vampire Fighter on Mar 26, 2024.
             Slain by a kobold
             ... wielding a +0 dagger
              (1 damage)
             ... on level 7 of the Dungeon.
             The game lasted 00:09:39 (1463 turns).

AstroCodex24 the Covered (Vampire Fighter)          Turns: 1463, Time: 00:09:39

Health: 0/47       AC: 11    Str: 17    XL:     6   Next: 91%
Magic:  6/6        EV:  8    Int: 11    God:
Gold:   67         SH:  4    Dex: 13    Spells: 5/5 levels left

rFire   . . .        u - +5 Force Lance {heavy, knockback}
rCold   + . .        c - +0 buckler
rNeg    . . .        b - +0 scale mail
rPois   .            (no helmet)
rElec   .            p - +1 cloak
rCorr   .            s - +0 pair of gloves
SInv    +            h - +0 pair of boots
Will    .....        m - amulet of the acrobat Stlth
                     t - ring of protection from cold
HPRegen 0.47/turn    (no ring)
MPRegen 0.10/turn

%: acrobat
@: lethally poisoned (0 -> -1), on berserk cooldown, healing quickly, slowed,
very slow
A: alive, fangs 3, see invisible, vampiric 2
a: Exsanguinate


You were on level 7 of the Dungeon.
You visited 1 branch of the dungeon, and saw 7 of its levels.

You collected 67 gold pieces.

Inventory:

Hand Weapons
 a - a +0 war axe
 e - a +3 short sword
 j - a +2 whip of draining
 u - the +5 Force Lance (weapon) {heavy, knockback}
   (You found it on level 7 of the Dungeon)
Armour
 b - a +0 scale mail (worn)
 c - a +0 buckler (worn)
 h - a +0 pair of boots (worn)
 p - a +1 cloak (worn)
 s - a +0 pair of gloves (worn)
Jewellery
 m - an amulet of the acrobat (around neck)
 t - a ring of protection from cold (left hand)
Scrolls
 g - a scroll of enchant weapon {unknown}
 k - a scroll of teleportation
 n - a scroll of fear {unknown}
 o - a scroll of immolation {unknown}
 q - a scroll of poison {unknown}
Potions
 d - a potion of might
 i - 2 potions of resistance
 l - 2 potions of ambrosia
 r - a potion of berserk rage


   Skills:
 + Level 3.5 Fighting
 + Level 3.5(3.9) Axes
 + Level 2.1(3.0) Maces & Flails
 + Level 0.2(2.1) Polearms
 + Level 4.0 Armour
 + Level 1.5 Dodging
 + Level 3.5 Shields


You had 5 spell levels left.
You didn't know any spells.
Your spell library contained the following spells:

 Spells                   Type           Power      Damage    Failure   Level
 Call Imp                 Summ           0%         N/A       91%         2
 Ensorcelled Hibernation  Hex/Ice        0%         N/A       91%         2
 Sublimation of Blood     Necr           0%         N/A       91%         2
 Fugue of the Fallen      Necr           0%         N/A       99%         3
 Anguish                  Hex/Necr       0%         N/A       100%        4
 Summon Hydra             Summ           0%         N/A       100%        7


Dungeon Overview and Level Annotations

Branches:
Dungeon (7/15)
 Temple: D:4-7

Altars:
Yredelemnul

Shops:
D:4 !

Annotations:
D:5 1 transporter, avangion's ghost, novice DjFE
D:6 1 runed translucent door
D:7 Maggie


Innate Abilities, Weirdness & Mutations

Your natural rate of healing is accelerated.
You have razor-sharp teeth.
You have supernaturally acute eyesight. (SInv)
You are afflicted with vampirism and can become a bat while bloodless.


Message History

The kobold hits you with a +0 short sword.
The kobold hits you but does no damage. x2; The kobold barely misses you.
The kobold hits you but does no damage.
You impale the kobold!!
You kill the kobold!
You feel sick. The kobold hits you but does no damage.
You block the kobold's attack.
You impale the kobold!!
You kill the kobold!
You feel sick.
You are no longer poisoned.
The kobold throws a poisoned dart.
The poisoned dart hits you!
You are poisoned.
You block the kobold's attack. The kobold closely misses you.
Maggie casts a spell.
The kobold hits you with a +0 dagger. The kobold hits you but does no damage.
Maggie barely misses you.
You closely miss the kobold. You bite the kobold.
The kobold is moderately wounded.
You are no longer berserk.
You are exhausted.
You feel as though you will be slow longer.
You feel very sick. The kobold hits you but does no damage.
You block the kobold's attack. The kobold hits you but does no damage.
Maggie hits you from afar with a +0 glaive of flaming!
* * * LOW HITPOINT WARNING * * *
Maggie burns you.
* * * LOW HITPOINT WARNING * * *
The kobold hits you but does no damage. You block the kobold's attack.
The kobold hits you but does no damage.
You puncture the kobold!
You kill the kobold!
You feel sick.
Maggie hits you from afar with a +0 glaive of flaming.
* * * LOW HITPOINT WARNING * * *
Maggie burns you.
* * * LOW HITPOINT WARNING * * *
The kobold hits you but does no damage. The kobold hits you with a +0 dagger.
You die...

##. ## #### # #..## ##
##...## ##. .. #.....##
##.. #.## .## #.#....#
#... ...#
.....###K##..## ##.. ...
......)@.###..## ##..#
.. .....@K### ##..##
##...# . # ......K #...#
#....# ##.# .....#.
#..## ##...# .#.#
.....##.######..###.[#.#
...# ....
#..........#...... .###
#.## #.######..###..##.
.# #..# #...#....#. .#
##.# #........#.


You could see Maggie and 3 kobolds.

Vanquished Creatures
  An ogre (D:5)
  A phantom (D:6)
  A kobold brigand (D:7)
  A scorpion (D:6)
  A bombardier beetle (D:6)
  A hound (D:6)
  2 iguanas
  An orc wizard (D:6)
  3 adders
  3 dart slugs
  5 orcs
  4 ball pythons (D:2)
  2 bats (D:3)
  4 endoplasms
  A giant cockroach (D:3)
  4 goblins
  4 hobgoblins
  3 kobolds (D:7)
  2 quokkas
  2 frilled lizards (D:2)
  A goblin zombie (D:6)
47 creatures vanquished.

Notes
Turn   | Place    | Note
-------+----------+-------------------------------------------
     0 | D:1      | AstroCodex24 the Vampire Fighter began the quest for the
                  | Orb.
     0 | D:1      | Reached XP level 1. HP: 17/17 MP: 1/1
   114 | D:2      | Reached XP level 2. HP: 23/23 MP: 2/2
   233 | D:2      | Found a faded altar of an unknown god.
   240 | D:2      | Gained mutation: You are afflicted with vampirism and can
                  | become a bat while bloodless. [Vampire growth]
   240 | D:2      | Reached XP level 3. HP: 25/29 MP: 3/3
   633 | D:4      | Found Tafazev's Distillery.
   668 | D:4      | Reached skill level 3 in Armour
   676 | D:5      | Entered Level 5 of the Dungeon
   733 | D:5      | Found a transporter.
   733 | D:5      | Noticed avangion's ghost (novice DjFE)
   867 | D:5      | Noticed an ogre
   873 | D:5      | Killed an ogre
   874 | D:5      | Reached XP level 4. HP: 35/35 MP: 4/4
   874 | D:5      | Reached XP level 5. HP: 41/41 MP: 5/5
   950 | D:6      | Noticed a phantom
   968 | D:6      | Killed a phantom
   969 | D:6      | Reached skill level 1 in Dodging
   996 | D:6      | Reached skill level 1 in Maces & Flails
   996 | D:6      | Reached XP level 6. HP: 14/47 MP: 6/6
  1018 | D:6      | Found a runed translucent door.
  1018 | D:6      | Noticed a human
  1046 | D:6      | Found a basalt altar of Yredelemnul.
  1278 | D:7      | Found the +5 Force Lance {heavy, knockback}
  1316 | D:7      | Noticed Maggie
  1459 | D:7      | Reached skill level 4 in Armour
  1463 | D:7      | HP: 1/47 [Maggie/+0 glaive of flaming (3)]
  1463 | D:7      | Slain by a kobold

Illustrated notes

Levels and vault maps discovered:
D:1:      onia_arrival_pyramid, layout_loops_ring, minmay_pentomino_w2
D:2:      layout_basic, nicolae_ecumenical_snake_handling
D:3:      layout_rooms, xom_teletrap_fun
D:4:      layout_basic, general_overflow_altar, temple_fountains, serial_shops,
          shop, uniq_blork_the_orc, uniq_ijyb
D:5:      layout_loops_ring, gammafunk_ghost_mausoleum, lexackson_kobold_supper
D:6:      layout_loops_ring, dk_yredelemnul_ordeal, mainiacjoe_overflow_alcove_4
D:7:      layout_loops_cross, slow_altar_1, serial_shops, nicolae_square_shop,
          nicolae_figureground_pulse, uniq_maggie

Skill      XL: |  1  2  3  4  5  6 |
---------------+-------------------+-----
Axes           | 2 3 |  3.5
Shields        | 3 |  3.5
Fighting       | 3 |  3.5
Armour         | 3 4 |  4.0
Dodging        | 1 |  1.5
Maces & Flails | 1 2 |  2.1
Polearms       | |  0.2

Action                     |  1- 3 |  4- 6 || total
---------------------------+-------+-------++-------
  Melee: War axe           |    49 |       ||    49
         Bite              |     9 |     4 ||    13
         Whip              |    26 |    47 ||    73
         Lance             |       |    20 ||    20
    Use: Potion            |     2 |     3 ||     5
         Scroll            |       |     6 ||     6
 Armour: Scale mail        |    67 |    61 ||   128
  Dodge: Dodged            |    46 |    28 ||    74
  Block: Buckler           |    27 |    15 ||    42

Table legend: (Time is in decaauts)
 A = Elapsed time spent in this place.
 B = Non-inter-level travel time spent in this place.
 C = Inter-level travel time spent in this place.
 D = Time resting spent in this place.
 E = Time spent auto-exploring this place.
 F = Levels seen in this place.
 G = Mean time per level.
                   A        B        C        D        E       F      G
               +--------+--------+--------+--------+--------+-----+--------+
         Total |   1494 |   1478 |     16 |      0 |      0 |   7 |  213.4 |
       Dungeon |   1494 |   1478 |     16 |      0 |      0 |   7 |  213.4 |
               +--------+--------+--------+--------+--------+-----+--------+

Top non-repeatable levels by time:
     D:6: 371 daAuts
     D:2: 290 daAuts
     D:5: 223 daAuts
     D:7: 202 daAuts
     D:3: 155 daAuts
     D:4: 143 daAuts
     D:1: 106 daAuts
